 Dungeon Crawl Stone Soup version 0.23.2-40-g277498a001 (webtiles) character file.

Game seed: 2486792191974349240

9971 Exodus22XD the Destroyer (level 11, -3/54 HPs)
             Began as a Deep Elf Wizard on Sept 16, 2019.
             Was a Priest of Vehumet.
             Slain by a wraith (5 damage)
             ... on level 11 of the Dungeon.
             The game lasted 01:31:29 (14650 turns).

Exodus22XD the Destroyer (Deep Elf Wizard)         Turns: 14650, Time: 01:31:29

Health: -3/54      AC:  5    Str:  4    XL:     11   Next: 30%
Magic:  1/27       EV: 13    Int: 27    God:    Vehumet [***...]
Gold:   354        SH:  0    Dex: 13    Spells: 14/30 levels left

rFire    + . .     SeeInvis .   e - +0 mace (curse)
rCold    x . .     Gourm    .   (no shield)
rNeg     . . .     Faith    .   c - +2 robe {MR+}
rPois    .         Spirit   .   b - +0 hat
rElec    .         Reflect  .   u - scarf {repulsion}
rCorr    .         Harm     .   l - +0 pair of gloves
MR       ++...                  (no boots)
Stlth    ++........             (no amulet)
HPRegen  0.18/turn              E - ring of wizardry
MPRegen  0.20/turn              x - ring of fire

@: about to teleport, hasted and slowed, repel missiles
A: no striking features
a: Renounce Religion


You were on level 11 of the Dungeon.
You worshipped Vehumet.
Vehumet was most pleased with you.
You were not hungry.

You visited 3 branches of the dungeon, and saw 13 of its levels.
You also visited: Bailey.

You collected 557 gold pieces.
You spent 203 gold pieces at shops.

Inventory:

Hand Weapons
 e - a cursed +0 mace (weapon)
 H - a +0 dagger of speed
Armour
 b - a +0 hat (worn)
 c - a +2 robe of magic resistance (worn)
 l - a +0 pair of gloves (worn)
 u - a scarf of repulsion (worn)
 w - a +0 cloak
Jewellery
 x - a ring of fire (right hand)
 C - an uncursed ring of protection from magic
 D - an uncursed ring of protection from cold
 E - a ring of wizardry (left hand)
Wands
 F - a wand of flame (17)
 G - a wand of acid (5)
Scrolls
 g - 3 scrolls of immolation
 n - 3 scrolls of magic mapping
 p - 6 scrolls of enchant armour
 r - 2 scrolls of holy word
 t - 3 scrolls of remove curse
 v - 2 scrolls of enchant weapon
 y - a scroll of acquirement {unknown}
 A - 2 scrolls of fear
 B - 2 scrolls of amnesia {unknown}
 J - 2 scrolls of fog {unknown}
Potions
 f - 4 potions of haste
 h - 3 potions of might
 i - a potion of agility
 j - 10 potions of curing
 k - a potion of brilliance
 m - 3 potions of flight
 q - 4 potions of magic
 s - 3 potions of heal wounds
 z - 3 potions of mutation {unknown}
 I - a potion of cancellation {unknown}
 K - 2 potions of lignification
 M - a potion of resistance {unknown}
Miscellaneous
 a - a phantom mirror
Comestibles
 d - 10 rations


   Skills:
 + Level 0.1 Short Blades
 - Level 2.4 Dodging
 - Level 2.4 Stealth
 - Level 10.4 Spellcasting
 - Level 11.6 Conjurations
 - Level 8.6 Summonings
 - Level 1.1 Translocations
 * Level 10.3 Fire Magic
 - Level 0.1 Evocations


You had 14 spell levels left.
You knew the following spells:

 Your Spells              Type           Power        Failure   Level  Hunger
a - Shock                 Conj/Air       ####         1%          1    None
b - Call Imp              Summ           ######..     1%          2    None
c - Blink                 Tloc           N/A          1%          2    None
d - Conjure Flame         Conj/Fire      #######.     1%          3    None
e - Mephitic Cloud        Conj/Pois/Air  #####...     1%          3    None
f - Magic Dart            Conj           ####         1%          1    None
g - Sticky Flame          Conj/Fire      #######.     1%          4    None

Your spell library contained the following spells:

 Spells                   Type           Power        Failure   Level  Hunger
 Slow                     Hex            ##......     2%          2    None


Dungeon Overview and Level Annotations

Branches:
Dungeon (11/15)            Temple (1/1) D:6            Lair (1/6) D:8
    Orc: D:9-12

Altars:
Ashenzari
Cheibriados
Elyvilon
Fedhas
Hepliaklqana
Makhleb
Nemelex Xobeh
Okawaru
Ru
Trog
Uskayaw
Vehumet

Shops:
D:4 [   D:8 *   D:9 ?

Annotations:
D:11 2 transporters, bocha96's ghost, journeyman MiFi


Message History

Unknown command.
You feel yourself speed up. The hornet misses you.
Casting: Blink (safe; 1% risk of failure)
Confirm with . or Enter, or press ? or * to list all spells.
You blink.
There is an open door here.
The orc warrior shouts!
You hear a shout!
An acid dragon comes into view.
The hornet stings you.
You feel yourself slow down.
You feel yourself speed up. The hornet stings you!
* * * LOW HITPOINT WARNING * * *
You feel yourself slow down.
The hornet stings you but does no damage.
As you read the scroll of teleportation, it crumbles to dust.
You feel strangely unstable. The hornet stings you!
* * * LOW HITPOINT WARNING * * *
You feel as though you will be slow longer.
The wraith hits you.
You die...

######### #
......o.. #.
......... #D###
...y......# #...#
.<.....o.oo. ###D#
..^...... #..##...#
# .$.......
#.o..###.# ......W..
####y@...# .........
##W#### #+#######
##l# #..# ##9#######
#########
#).(.....###........
#..%.....9.#........
#....W...#.'........
#....y...###.......)


You could see a hornet, a wraith, an orc warrior, a wyvern, a gargoyle and 2
orcs.

Vanquished Creatures
  A hydra (D:11)
  A two-headed ogre (D:9)
  A komodo dragon (Lair:1)
  A troll (D:9)
  3 hippogriffs
  Sigmund (D:6)
  A wyvern (D:11)
  5 yaks (D:10)
  Grum (D:10)
  Menkaure (D:7)
  A water moccasin (D:8)
  2 black bears
  4 orc warriors
  2 ice beasts
  7 sky beasts
  2 necrophages
  3 wolves (D:10)
  7 centaurs
  3 ogres
  A crocodile (D:8)
  6 bullfrogs
  A wyvern zombie (D:10)
  A wyvern skeleton (D:9)
  A water moccasin skeleton (D:10)
  2 scorpions
  9 killer bees
  A wight (D:9)
  2 howler monkeys (D:10)
  3 crimson imps
  2 quasits
  A centaur zombie (D:6)
  3 bullfrog skeletons
  14 orc priests
  A hound (D:5)
  2 jellies
  Crazy Yiuf (D:6)
  2 centaur skeletons
  A gnoll shaman (D:6)
  2 iguanas
  10 worker ants
  12 orc wizards
  A killer bee zombie (D:9)
  A hound zombie (D:11)
  2 hound skeletons
  20 gnolls
  A howler monkey skeleton (D:5)
  12 adders
  2 shadow imps (D:7)
  An ooze (D:4)
  2 adder skeletons
  An adder zombie (D:6)
  5 worms
  A dart slug (D:4)
  7 leopard geckos
  47 orcs
  3 ball pythons
  4 giant cockroaches
  12 goblins
  16 hobgoblins
  3 jackals
  5 quokkas
  7 bats
  6 frilled lizards
  14 kobolds
  9 rats
307 creatures vanquished.

Vanquished Creatures (collateral kills)
  Prince Ribbit (D:7)
  2 hungry ghosts
  A phantom (D:4)
  A wolf (Lair:1)
  A crocodile (Lair:1)
  An adder (D:9)
  A leopard gecko (D:10)
  An orc (D:4)
  A jackal (D:4)
10 creatures vanquished.

Vanquished Creatures (others)
  A plant (D:8)
1 creature vanquished.

Grand Total: 318 creatures vanquished

Notes
Turn   | Place    | Note
-------+----------+-------------------------------------------
     0 | D:1      | Exodus22XD the Deep Elf Wizard began the quest for the Orb.
     0 | D:1      | Reached XP level 1. HP: 10/10 MP: 7/7
   203 | D:1      | Reached skill level 2 in Conjurations
   221 | D:1      | Reached XP level 2. HP: 15/15 MP: 2/9
   672 | D:1      | Reached skill level 3 in Conjurations
  1070 | D:2      | Reached XP level 3. HP: 4/19 MP: 0/10
  1081 | D:2      | Reached skill level 4 in Conjurations
  1392 | D:2      | Found a burning altar of Makhleb.
  1435 | D:2      | Reached XP level 4. HP: 24/24 MP: 4/12
  1571 | D:2      | Found a blossoming altar of Fedhas.
  1613 | D:2      | Learned a level 2 spell: Call Imp
  1616 | D:2      | Learned a level 2 spell: Blink
  1620 | D:2      | Learned a level 3 spell: Conjure Flame
  1624 | D:2      | Learned a level 3 spell: Mephitic Cloud
  2685 | D:4      | Reached XP level 5. HP: 27/28 MP: 7/13
  2979 | D:4      | Noticed a phantom
  3274 | D:4      | Killed a phantom
  3274 | D:4      | Reached XP level 6. HP: 23/32 MP: 6/14
  3409 | D:4      | Found Ruseyl's Armour Emporium.
  3829 | D:4      | Found a hide-covered altar of Uskayaw.
  4116 | D:5      | Entered Level 5 of the Dungeon
  4284 | D:5      | Found a snail-covered altar of Cheibriados.
  4629 | D:5      | Reached XP level 7. HP: 29/36 MP: 5/15
  4633 | D:5      | Reached skill level 5 in Fire Magic
  4723 | D:5      | Found a sacrificial altar of Ru.
  4792 | D:5      | Found a sparkling altar of Nemelex Xobeh.
  5431 | D:6      | Found a runed translucent door.
  5432 | D:6      | Noticed Crazy Yiuf
  5442 | D:6      | Killed Crazy Yiuf
  5442 | D:6      | Reached skill level 5 in Conjurations
  5564 | D:6      | Found a white marble altar of Elyvilon.
  5579 | D:6      | Reached skill level 6 in Conjurations
  5747 | D:6      | Reached skill level 7 in Conjurations
  5945 | D:6      | Reached XP level 8. HP: 33/41 MP: 6/16
  6035 | D:6      | Noticed Sigmund
  6317 | D:6      | Reached skill level 5 in Spellcasting
  6739 | D:6      | Killed Sigmund
  6951 | D:6      | Found a staircase to the Ecumenical Temple.
  6969 | Temple   | Entered the Ecumenical Temple
  6978 | Temple   | Became a worshipper of Vehumet
  7362 | D:7      | Noticed Prince Ribbit
  7371 | D:7      | Killed Prince Ribbit
  7371 | D:7      | Reached skill level 8 in Conjurations
  7728 | D:7      | Reached XP level 9. HP: 41/45 MP: 11/24
  7923 | D:7      | Reached skill level 9 in Conjurations
  8105 | D:7      | Noticed Menkaure
  8123 | D:7      | Killed Menkaure
  8291 | D:8      | Found a shattered altar of Ashenzari.
  8350 | D:8      | Found Dyos's Assorted Antiques.
  8437 | D:8      | Found a staircase to the Lair.
  8576 | D:7      | Reached * piety under Vehumet
  8576 | D:7      | Offered knowledge of Shock by Vehumet.
  8652 | D:8      | Learned a level 1 spell: Shock
  8705 | D:8      | Reached skill level 10 in Conjurations
  9323 | D:8      | Bought a scroll labeled TOMNAM WATHAHO for 26 gold pieces
  9665 | D:4      | Bought a +2 robe of magic resistance for 177 gold pieces
  9757 | Lair:1   | Entered Level 1 of the Lair of Beasts
  9757 | Lair:1   | Noticed a komodo dragon
  9766 | Lair:1   | Reached skill level 11 in Conjurations
 10115 | Lair:1   | Killed a komodo dragon
 10156 | Lair:1   | Noticed a komodo dragon
 10557 | D:9      | Found a flagged portal.
 10611 | D:9      | Reached XP level 10. HP: 36/50 MP: 1/25
 10753 | Bailey   | Entered a bailey
 10761 | Bailey   | Reached skill level 10 in Spellcasting
 10983 | Bailey   | Offered knowledge of Flame Tongue by Vehumet.
 11022 | Bailey   | Reached ** piety under Vehumet
 11413 | D:9      | Found Seggax's Magic Scroll Boutique.
 11427 | D:9      | Noticed a two-headed ogre
 11441 | D:9      | Killed a two-headed ogre
 12564 | D:9      | Offered knowledge of Throw Flame by Vehumet.
 12711 | D:10     | Entered Level 10 of the Dungeon
 12951 | D:10     | Reached *** piety under Vehumet
 12999 | D:10     | Noticed Grum
 13008 | D:10     | Killed Grum
 13530 | D:10     | Reached XP level 11. HP: 53/54 MP: 14/27
 13574 | D:10     | Offered knowledge of Sticky Flame by Vehumet.
 13580 | D:10     | Learned a level 4 spell: Sticky Flame
 14167 | D:11     | Noticed a two-headed ogre
 14197 | D:11     | Noticed an eight-headed hydra
 14201 | D:11     | HP: 2/54 [eight-headed hydra (9)]
 14206 | D:11     | Killed an eight-headed hydra
 14206 | D:11     | Reached skill level 10 in Fire Magic
 14548 | D:11     | Found a transporter.
 14548 | D:11     | Found a transporter.
 14558 | D:11     | Found a bloodstained altar of Trog.
 14580 | D:11     | Noticed a two-headed ogre
 14590 | D:11     | Noticed bocha96's ghost (journeyman MiFi)
 14650 | D:11     | HP: 2/54 [hornet (11)]
 14650 | D:11     | Slain by a wraith

Skill      XL: |  1  2  3  4  5  6  7  8  9 10 11 |
---------------+----------------------------------+-----
Conjurations   | 2 3 4 7 8 11 | 11.6
Summonings     | 3 4 8 |  8.6
Fire Magic     | 2 4 5 8 10 | 10.3
Spellcasting   | 9 10 | 10.4
Short Blades   | |  0.1
Dodging        | |  2.4
Stealth        | |  2.4
Translocations | |  1.1
Evocations     | |  0.1

Action                   |  1- 3 |  4- 6 |  7- 9 | 10-12 || total
-------------------------+-------+-------+-------+-------++-------
Melee: Mace              |     9 |     6 |       |     5 ||    20
 Cast: Magic Dart        |    74 |   171 |   269 |    33 ||   547
       Conjure Flame     |       |    11 |    43 |    32 ||    86
       Call Imp          |       |    12 |    12 |     9 ||    33
       Blink             |       |     2 |     9 |     9 ||    20
       Mephitic Cloud    |       |     5 |    38 |    25 ||    68
       Shock             |       |       |    69 |   289 ||   358
       Sticky Flame      |       |       |       |     6 ||     6
Evoke: Wand              |       |       |       |     1 ||     1
  Use: Potion            |     1 |       |     2 |     1 ||     4
       Scroll            |       |     7 |    14 |     2 ||    23
 Stab: Confused          |       |     2 |       |       ||     2
  Eat: Chunk             |     1 |    10 |    13 |    13 ||    37
       Ration            |       |       |     2 |     1 ||     3
Armor: Robe              |     2 |     5 |    12 |    21 ||    40
       Skin              |    20 |       |       |       ||    20
Dodge: Dodged            |    10 |    22 |    75 |    91 ||   198
       Deflected         |       |       |    12 |    11 ||    23
